 Dungeon Crawl Stone Soup version 0.31-a0-229-g1fc7ce93e2 (webtiles) character file.

Game seed: 10971347969317334172

113 qw the Shooter (level 4, -3/36 HPs)
             Began as a Minotaur Hexslinger on July 6, 2023.
             Constricted to death by Ijyb (6 damage)
             ... on level 3 of the Dungeon.
             The game lasted 00:00:34 (1370 turns).

qw the Shooter (Minotaur Hexslinger)                Turns: 1370, Time: 00:00:34

Health: -3/36      AC:  5    Str: 12    XL:     4   Next: 65%
Magic:  4/4        EV:  8    Int: 10    God:
Gold:   73         SH:  0    Dex: 15    Spells: 4/5 levels left

rFire   . . .        Y - +1 sling
rCold   . . .        (no shield)
rNeg    . . .        h - +0 ring mail
rPois   .            (helmet restricted)
rElec   .            (no cloak)
rCorr   .            (no gloves)
SInv    .            (no boots)
Will    .....        d - amulet of the acrobat
Stlth   +            (no ring)
HPRegen 0.26/turn    (no ring)
MPRegen 0.09/turn

%: acrobat
@: grasped by roots, constricted
A: horns 2, retaliatory headbutt
a: no special abilities


You were on level 3 of the Dungeon.
You visited 1 branch of the dungeon, and saw 3 of its levels.

You collected 73 gold pieces.


Innate Abilities, Weirdness & Mutations

You have a pair of horns on your head.
You reflexively headbutt those who attack you in melee.


   Skills:
 + Level 2.0 Fighting
 - Level 5.0 Ranged Weapons
 - Level 1.0 Armour
 - Level 2.1 Dodging
 - Level 1.0 Spellcasting
 - Level 2.0 Hexes


You had 4 spell levels left.
You knew the following spells:

 Your Spells              Type           Power      Damage    Failure   Level
a - Slow                  Hex            16%        N/A       34%         1

Your spell library contained the following spells:

 Spells                   Type           Power      Damage    Failure   Level
 Inner Flame              Hex/Fire       2%         N/A       83%         3
 Portal Projectile        Hex/Tloc       4%         N/A       83%         3
 Cause Fear               Hex            2%         N/A       98%         4

Inventory:

Hand Weapons
 Y - a +1 sling (weapon)
Armour
 h - a +0 ring mail (worn)
Jewellery
 d - an amulet of the acrobat (around neck)
Potions
 a - a potion of magic {unknown}
 c - a potion of cancellation {unknown}
 e - a potion of curing {unknown}
 f - a potion of might {unknown}
 i - a potion of enlightenment {unknown}

Dungeon Overview and Level Annotations

Branches:
Dungeon (3/15)

Altars:
Gozag

Annotations:
D:3 Ijyb


Message History

The grasping roots constrict you.
You shoot a sling bullet.
The sling bullet hits Ijyb but does no damage.
The grasping roots constrict you.
You shoot a sling bullet. The sling bullet barely misses Ijyb.
The grasping roots constrict you.
The grasping roots release their grip on you.
You shoot a sling bullet. The sling bullet closely misses Ijyb.
Ijyb zaps a wand.
The roots erupt in riotous growth!
The grasping roots grab you! The grasping roots constrict you. x2
You shoot a sling bullet.
The sling bullet hits Ijyb but does no damage.
The grasping roots constrict you.
The grasping roots release their grip on you.
You shoot a sling bullet.
The sling bullet hits Ijyb but does no damage.
You shoot a sling bullet. The sling bullet hits Ijyb.
Ijyb is lightly wounded.
Ijyb hits you with a +0 dagger.
You shoot a sling bullet. The sling bullet hits Ijyb.
Ijyb is moderately wounded.
Ijyb barely misses you. You furiously retaliate!
You headbutt Ijyb! Ijyb hits you but does no damage.
You shoot a sling bullet.
The sling bullet hits Ijyb but does no damage.
Ijyb is heavily wounded.
Ijyb screams, "I no like you!" Ijyb hits you with a +0 dagger.
You shoot a sling bullet.
The sling bullet hits Ijyb but does no damage.
Ijyb is heavily wounded.
Ijyb hits you with a +0 dagger.
You shoot a sling bullet. The sling bullet barely misses Ijyb.
Ijyb barely misses you. Ijyb hits you with a +0 dagger.
You shoot a sling bullet. The sling bullet closely misses Ijyb.
Ijyb zaps a wand.
The roots erupt in riotous growth!
The grasping roots grab you!
Ijyb is unaffected.
The grasping roots constrict you.
You die...

#.# #.######.# ##
#......... ..
##..#####.#####.
...........
..#.###
....#####.###.....
.. ###.#
.......###...# #.#
#..#g.....# #.#
#..@# #.# ##.##
#.###########.#
#.............#
###############


You could see Ijyb.

Vanquished Creatures
  Jessica (D:2)
  5 adders
  A worm (D:2)
  A dart slug (D:2)
  3 bats
  8 endoplasms
  3 giant cockroaches
  2 goblins (D:1)
  2 hobgoblins (D:1)
  A quokka (D:2)
  3 ball pythons
  A frilled lizard (D:2)
  2 kobolds
  4 rats
37 creatures vanquished.

Notes
Turn   | Place    | Note
-------+----------+-------------------------------------------
     0 | D:1      | qw the Minotaur Hexslinger began the quest for the Orb.
     0 | D:1      | Reached XP level 1. HP: 16/16 MP: 1/1
     0 | D:1      | 0 ||| qw: Version: 0.3-a-46-gb1f654a
     0 | D:1      | 0 ||| qw: Game counter: 1421
     0 | D:1      | 0 ||| qw: Melee chars always use a shield: true
     0 | D:1      | 0 ||| qw: God list: Okawaru
     0 | D:1      | 0 ||| qw: Allow faded altars: false
     0 | D:1      | 0 ||| qw: Do Orc after clearing Dungeon:15 true
     0 | D:1      | 0 ||| qw: Do second Lair branch before Depths: true
     0 | D:1      | 0 ||| qw: Lair rune preference: random
     0 | D:1      | 0 ||| qw: Goals: Normal
     0 | D:1      | 0 ||| PLANNING D:1-11
    75 | D:1      | Reached skill level 3 in Ranged Weapons
   116 | D:1      | Reached XP level 2. HP: 23/23 MP: 2/2
   396 | D:1      | 396 ||| UPGRADING to +0 leather armour.
   406 | D:1      | 406 ||| DROPPING +0 robe.
   407 | D:1      | 407 ||| UPGRADING to +0 ring mail.
   417 | D:1      | 417 ||| DROPPING +0 leather armour.
   418 | D:1      | 418 ||| READING scroll labelled CIKHLA VOLEKU.
   423 | D:1      | 423 ||| READING scroll labelled TEEPHE KEURPH.
   424 | D:1      | 424 ||| DROPPING scroll of poison.
   462 | D:2      | Reached XP level 3. HP: 18/29 MP: 3/3
   519 | D:2      | HP: 7/29 [adder (1)]
   523 | D:2      | HP: 3/29 [poisoned by an adder]
   731 | D:2      | Found an opulent altar of Gozag.
   763 | D:2      | Noticed Jessica
   767 | D:2      | 767 ||| FLEEEEING.
   772 | D:2      | 772 ||| FLEEEEING.
   773 | D:2      | 773 ||| FLEEEEING.
   776 | D:2      | Killed Jessica
   777 | D:2      | Reached skill level 4 in Ranged Weapons
   777 | D:2      | Reached XP level 4. HP: 22/36 MP: 4/4
   985 | D:2      | 985 ||| FLEEEEING.
   986 | D:2      | 986 ||| FLEEEEING.
   987 | D:2      | 987 ||| FLEEEEING.
   988 | D:2      | 988 ||| FLEEEEING.
   989 | D:2      | 989 ||| FLEEEEING.
   990 | D:2      | 990 ||| FLEEEEING.
   991 | D:2      | 991 ||| FLEEEEING.
   992 | D:2      | 992 ||| FLEEEEING.
  1119 | D:2      | Reached skill level 1 in Armour
  1168 | D:2      | 1168 ||| UPGRADING to amulet of the acrobat.
  1173 | D:2      | 1173 ||| READING scroll labelled WEATIEGOEXIRR.
  1174 | D:2      | 1174 ||| READING scroll labelled ARUUDO UPAE.
  1215 | D:3      | 1215 ||| FLEEEEING.
  1216 | D:3      | 1216 ||| STAIRDANCE
  1282 | D:3      | Reached skill level 5 in Ranged Weapons
  1359 | D:3      | Noticed Ijyb
  1365 | D:3      | HP: 7/36 [Ijyb/+0 dagger (6)]
  1369 | D:3      | HP: 3/36 [Ijyb/+0 dagger (2)]
  1370 | D:3      | Constricted to death by Ijyb

Levels and vault maps discovered:
D:1:      minmay_arrival_three_doors, layout_rooms
D:2:      layout_loops_cross, basic_altar, uniq_jessica
D:3:      minmay_evil_eye, layout_loops_ring,
          dreamdust_ecumenical_altar_hidden_monk_grotto, serial_shops, shop,
          uniq_ijyb

Skill      XL: |  1  2  3  4 |
---------------+-------------+-----
Ranged Weapons | 3 4 5 |  5.0
Fighting       | 2 |  2.0
Armour         | 1 |  1.0
Dodging        | |  2.1
Spellcasting   | |  1.0
Hexes          | |  2.0

Action                     |  1- 3 |  4- 6 || total
---------------------------+-------+-------++-------
   Fire: Sling             |    67 |    46 ||   113
    Use: Scroll            |     2 |     2 ||     4
 Armour: Robe              |     1 |       ||     1
         Ring mail         |    10 |     7 ||    17
  Dodge: Dodged            |    26 |    16 ||    42

Table legend:
 A = Non-vault XP
 B = Vault XP
 C = Vault XP percentage of total XP
 D = Non-vault monster count
 E = Vault monster count
 F = Vault count percentage of total count
                 A         B        C        D         E       F
            +---------+---------+-------+---------+---------+-------
      Total |     125 |      37 |  22.8 |      36 |       1 |   2.7
            +---------+---------+-------+---------+---------+-------
        D:1 |      27 |       0 |   0.0 |      15 |       0 |   0.0
        D:2 |      54 |      37 |  40.7 |      15 |       1 |   6.2
        D:3 |      44 |       0 |   0.0 |       6 |       0 |   0.0
            +---------+---------+-------+---------+---------+-------
